 Dungeon Crawl Stone Soup version 0.29.1-15-g9cfb28693d (webtiles) character file.

Game seed: 12854922920959251319

28 BuddhaDhamma the Chopper (level 2, -1/39 HPs)
             Began as a Minotaur Berserker on Mar 23, 2023.
             Was a Follower of Trog.
             Frozen to death by an endoplasm (3 damage)
             ... on level 2 of the Dungeon.
             The game lasted 00:01:34 (1228 turns).

BuddhaDhamma the Chopper (Minotaur Berserker)       Turns: 1228, Time: 00:01:35

Health: -1/39      AC:  3    Str: 21    XL:     2   Next: 96%
Magic:  1/1        EV: 11    Int:  4    God:    Trog [*.....]
Gold:   70         SH:  0    Dex:  9    Spells: 1/1 levels left

rFire   . . .      SeeInvis .   b - +0 war axe
rCold   . . .      Faith    .   (no shield)
rNeg    . . .      Spirit   .   d - +0 leather armour
rPois   .          Reflect  .   (helmet restricted)
rElec   .          Harm     .   (no cloak)
rCorr   .          Rampage  .   (no gloves)
Will    .....                   (no boots)
Stlth   ..........              (no amulet)
HPRegen 0.13/turn               (no ring)
MPRegen 0.07/turn               (no ring)

@: berserking (expiring), very quick
A: horns 2, retaliatory headbutt
a: Renounce Religion, Berserk


You were on level 2 of the Dungeon.
You worshipped Trog.
Trog was aware of your devotion.
You visited 1 branch of the dungeon, and saw 2 of its levels.

You collected 70 gold pieces.

Inventory:

Hand Weapons
 b - a +0 war axe (weapon)
Missiles
 c - 4 poisoned darts (quivered)
Armour
 d - a +0 leather armour (worn)
Jewellery
 a - a ring of fire
Scrolls
 e - a scroll of teleportation {unknown}
 g - a scroll of amnesia {unknown}
 i - a scroll of identify {unknown}
Potions
 f - a potion of curing {unknown}
 h - a potion of might {unknown}


   Skills:
 - Level 3.6 Fighting
 + Level 5.1 Axes
 - Level 2.4 Armour
 - Level 2.1 Dodging


You had one spell level left.
You didn't know any spells.
Your spell library was empty.

Dungeon Overview and Level Annotations

Branches:
Dungeon (2/15)

Altars:


Innate Abilities, Weirdness & Mutations

You have a pair of horns on your head.
You reflexively headbutt those who attack you in melee.


Message History

You headbutt the adder.
You are too injured to fight recklessly!
You are too injured to fight recklessly!
You are too injured to fight recklessly!
You barely miss the adder.
The adder is heavily wounded.
You feel sick. The adder bites you.
You slash the adder!
You kill the adder!
Trog accepts your kill.
You barely miss the endoplasm.
You feel sick. The endoplasm freezes you.
You are frozen.
The endoplasm hits you but does no damage.
Jessica the Apprentice Sorceress comes into view.
She is wielding a +0 dagger.
Your Axes skill increases to level 5!
You feel sick.
A red film seems to cover your vision as you go berserk!
You feel yourself moving faster!
You feel mighty!
You feel sick.
You are no longer poisoned.
Jessica mumbles some strange words.
Jessica blinks!
The endoplasm hits you.
You feel a strong urge to attack something.
Jessica points at you and mumbles some strange words.
Pain shoots through your body!
* * * LOW HITPOINT WARNING * * *
You feel your anger nearly subside.
You closely miss Jessica. You barely miss Jessica. You headbutt Jessica!
Jessica is almost dead.
Jessica hits you with a +0 dagger.
* * * LOW HITPOINT WARNING * * *
You slice Jessica!!
You kill Jessica!
Trog accepts your kill.
Trog appreciates your killing of a magic user.
You barely miss the endoplasm. The endoplasm freezes you.
You are frozen.
You die...

#?#...[###..##
#....#........ .
#....#........
..##..#...# ..#
.........## ..#
#....#..## ##..##
####.##.####....##
.......J.##..##..##.
.....#.@)...........
.... #####...#.###
.....#####.#.#.#
........(..#...# .
.........#.#####
.........#.....#
....##...#..##.#######
... #.#....<#.##.....
.. #.##.#.)†.##.....


You could see an endoplasm.

Vanquished Creatures
  Jessica (D:2)
  An adder (D:2)
  A bat (D:1)
  2 endoplasms (D:1)
  A goblin (D:1)
  3 hobgoblins
  2 jackals (D:1)
  2 kobolds (D:2)
  2 ball pythons
  2 frilled lizards
  A rat (D:1)
18 creatures vanquished.

Notes
Turn   | Place    | Note
-------+----------+-------------------------------------------
     0 | D:1      | BuddhaDhamma the Minotaur Berserker began the quest for the
                  | Orb.
     0 | D:1      | Reached XP level 1. HP: 19/19 MP: 0/0
   217 | D:1      | Reached skill level 4 in Axes
   530 | D:1      | Reached XP level 2. HP: 26/26 MP: 1/1
   578 | D:1      | Found a faded altar of an unknown god.
  1220 | D:2      | Noticed Jessica
  1221 | D:2      | Reached skill level 5 in Axes
  1228 | D:2      | Killed Jessica
  1228 | D:2      | Frozen to death by an endoplasm

Illustrated notes

Levels and vault maps discovered:
D:1:      roderic_chinese_lattice_arrival, layout_basic,
          hellmonk_ecumenical_altar_slurped_away
D:2:      layout_basic, serial_shops, nicolae_shop_bloodbath_and_beyond,
          palyth_stone_intersect, kennysheep_generic_room_7, uniq_sigmund,
          uniq_jessica

Skill      XL: |  1  2 |
---------------+-------+-----
Axes           | 4 5 |  5.1
Fighting       | |  3.6
Armour         | |  2.4
Dodging        | |  2.1

Action                   || total
-------------------------++-------
Melee: Hand axe          ||    14
       War axe           ||    22
       Headbutt          ||     4
Invok: Berserk           ||     1
Armor: Leather armour    ||     8
Dodge: Dodged            ||    18
